 Dungeon Crawl Stone Soup version 0.30-a0-297-g0ec75d9ef4 (webtiles) character file.

Game seed: 4055978141869460172

9225 910rd the Basher (level 11, -28/96 (105) HPs)
             Began as an Armataur Fighter on Oct 19, 2022.
             Was an Elder of Wu Jian.
             Killed from afar by an ancient lich (106 damage)
             ... with a crystal spear
             ... on level 1 of the Abyss.
             The game lasted 00:38:12 (9950 turns).

910rd the Basher (Armataur Fighter)                 Turns: 9950, Time: 00:38:12

HP:   -28/96 (105)  AC: 19    Str: 34    XL:     11   Next: 20%
MP:   20/20         EV:  4    Int:  9    God:    Wu Jian [****..]
Gold: 135           SH:  4    Dex: 10    Spells: 10/10 levels left

rFire   . . .      SeeInvis +    V - +6 morningstar "Magg" {vamp, rCorr SInv}
rCold   . . .      Faith    .    c - +0 buckler
rNeg    + . .      Spirit   .    t - +0 plate armour
rPois   .          Reflect  .    K - +1 hat
rElec   .          Harm     .    (no cloak)
rCorr   +          Roll     +    o - +1 pair of gloves
Will    .....                    u - +1 barding of Dithmenos's Whim {rN+ MP+9 Str+3}
Stlth   ..........               (no amulet)
HPRegen 0.36/turn                w - ring of flight
MPRegen 0.17/turn                A - +6 ring of strength

@: flying, drained
A: large, rugged brown scales 3, deformed body, armoured tail, roll, long
tongue, awkward tongue
a: Renounce Religion, Wall Jump, Serpent's Lash


You were on level 1 of the Abyss.
You worshipped Wu Jian.
Wu Jian was greatly pleased with you.
You visited 1 branch of the dungeon, and saw 9 of its levels.
You visited the Abyss 1 time.

You collected 429 gold pieces.
You spent 294 gold pieces at shops.

Inventory:

Hand Weapons
 a - a +1 flail of flaming
 y - a +3 dire flail
 J - a +2 flail
 R - a +2 whip of flaming
 V - the +6 morningstar "Magg" (weapon) {vamp, rCorr SInv}
   (You bought it in a shop on level 5 of the Dungeon)

   It occasionally heals its wielder for a portion of the damage dealt when it
   wounds a living foe.
   SInv:      It lets you see invisible.
   rCorr:     It protects you from acid and corrosion.
Missiles
 b - 5 curare-tipped darts
 x - 5 silver javelins
 z - 9 boomerangs
 G - 7 poisoned darts
Armour
 c - a +0 buckler (worn)
 o - a +1 pair of gloves (worn)
 t - a +0 plate armour (worn)
 u - the +1 barding of Dithmenos's Whim (worn) {rN+ MP+9 Str+3}
   (You acquired it on level 8 of the Dungeon)

   Str:       It affects your strength (+3).
   rN:        It protects you from negative energy.
   MP:        It affects your magic capacity (+9).
 K - a +1 hat (worn)
 T - a +1 leather armour of cold resistance
 W - a +2 leather armour of willpower
Jewellery
 e - a ring of see invisible
 w - a ring of flight (left hand)
 A - a +6 ring of strength (right hand)
 D - a ring of ice
 I - a ring of resist corrosion
 P - an amulet of faith
 Y - a +6 ring of dexterity
Wands
 Q - a wand of mindburst (10) (quivered)
 S - a wand of digging (2)
 X - a wand of paralysis (9)
 Z - a wand of flame (4)
Scrolls
 h - a scroll of noise
 j - 2 scrolls of poison
 n - 2 scrolls of enchant armour
 p - a scroll of brand weapon
 q - a scroll of magic mapping
 r - a scroll of immolation
 C - 2 scrolls of vulnerability
 N - a scroll of teleportation
 U - a scroll of fear
Potions
 d - 2 potions of might
 f - 2 potions of brilliance
 g - a potion of magic
 i - a potion of berserk rage
 k - 2 potions of mutation
 m - a potion of curing
 s - a potion of attraction {unknown}
 v - a potion of invisibility {unknown}
 B - 2 potions of lignification
 E - a potion of resistance
 F - 3 potions of flight {unknown}
 H - 4 potions of heal wounds {unknown}
 M - a potion of haste {unknown}


   Skills:
 - Level 10.0 Fighting
 + Level 11.5 Maces & Flails
 - Level 3.0 Throwing
 - Level 5.0 Armour
 - Level 3.0 Dodging
 - Level 3.4 Shields
 - Level 3.0 Evocations


You had 10 spell levels left.
You didn't know any spells.
Your spell library contained the following spells:

 Spells                   Type           Power      Damage    Failure   Level
 Sting                    Tmut/Pois      0%         1d3       98%         1
 Poisonous Vapours        Pois/Air       0%         N/A       99%         2
 Dazzling Flash           Conj/Hex       0%         N/A       100%        3
 Frozen Ramparts          Ice            0%         1d1       100%        3
 Vhi's Electric Charge    Tloc/Air       0%         N/A       100%        3
 Ice Form                 Ice/Tmut       0%         N/A       100%        4
 Iskenderun's Mystic Bla  Conj/Tloc      0%         2d3       100%        4
 Olgreb's Toxic Radiance  Pois           0%         N/A       100%        4
 Summon Ice Beast         Ice/Summ       0%         N/A       100%        4
 Arcjolt                  Conj/Air       0%         1d10      100%        5
 Starburst                Conj/Fire      0%         6d3       100%        6
 Maxwell's Capacitive Co  Air            0%         ∞         100%        8


Dungeon Overview and Level Annotations

Branches:
Dungeon (9/15) Zot: 26815
 Temple: D:4-7         Lair: D:8-11         Orc: D:9-12

Altars:
Elyvilon
Fedhas
Makhleb
Ru
Trog
Uskayaw
Vehumet
Wu Jian

Shops:
D:5 (   D:8 *

Annotations:
D:4 !OGRE
D:8 Erica
D:9 Erolcha


Innate Abilities, Weirdness & Mutations

You are completely covered in rugged brown scales. (AC +3, +7% HP)
Armour fits poorly on your strangely shaped body.
You have a long armoured tail.
You roll when moving toward enemies. (Rampage)
Your long tongue fully drains potion bottles. (2x potion effects)
Your tongue gives you trouble enunciating. (1.5x scroll delay)


Message History

You are confused.
You feel invigorated.
The ancient lich touches you but does no damage. x2
Your limbs are stiffening.
You regained 16 hp, and now have 76/98 hp.
You bump into the stone wall.
The ancient lich touches you but does no damage.
The ancient lich touches you! You partially resist.
You feel drained.
You have turned to stone.
The ancient lich points at you and mumbles some strange words.
The crystal spear hits you!!!
* * * LOW HITPOINT WARNING * * *
The ancient lich touches you but does no damage.
The ancient lich touches you!
* * * LOW HITPOINT WARNING * * *
The ancient lich touches you. The ancient lich casts a spell at you.
You feel less invigorated.
You feel less confused.
The ancient lich touches you but does no damage.
The ancient lich touches you but does no damage. x3
The ancient lich touches you.
The ancient lich touches you but does no damage.
The ancient lich touches you but does no damage.
The ancient lich gestures at you while chanting.
You barely resist.
The ancient lich touches you but does no damage.
The ancient lich touches you but does no damage.
You turn to flesh and can move again.
You regained 2 hp, and now have 78/96 hp.
Unknown command.
Okay, then.
Okay, then.
You completely miss the ancient lich.
The ancient lich is moderately damaged.
The ancient lich touches you but does no damage.
The ancient lich gestures at you while chanting.
The crystal spear hits you!!!!
Ouch! That really hurt!
You die...

# # # # ##
#. ... ...
##### ###
..# #L..#
#...N.
.#@## # #
.#.NS##..#
# .
######.#.#
## # ### #
## #


You could see an ancient lich (fast, invisible).

Vanquished Creatures
  Gastronok (D:8)
  A naga warrior (Abyss:1)
  Pikel (D:4)
  A worldbinder (Abyss:1)
  A smoke demon (Abyss:1)
  An efreet (Abyss:1)
  A hornet (D:7)
  Prince Ribbit (D:8)
  2 raiju (Abyss:1)
  Sigmund (D:6)
  3 large abominations (Abyss:1)
  Eustachio (D:6)
  3 steam dragons
  A neqoxec (Abyss:1)
  A water moccasin (D:8)
  Duvessa (D:5)
  An ice beast (D:7)
  2 orc warriors
  A sky beast (D:8)
  2 centaurs
  2 ogres
  A phantom (D:5)
  A kobold brigand (D:7)
  2 bullfrogs
  A necrophage (D:5)
  A gnoll sergeant (D:7)
  3 scorpions
  A water moccasin zombie (D:5)
  A wyvern zombie (D:5)
  3 small abominations (Abyss:1)
  9 wights
  A wyvern skeleton (D:5)
  Dowan (D:5)
  15 killer bees (D:8)
  3 howler monkeys
  2 centaur zombies (D:5)
  A jelly (D:8)
  A bullfrog zombie (D:5)
  8 orc priests
  A hound (D:5)
  A gnoll bouda (D:7)
  An iron imp (Abyss:1)
  2 iguanas
  6 orc wizards
  2 hound zombies (D:5)
  8 gnolls (D:7)
  8 adders
  A shadow imp (Abyss:1)
  2 white imps
  An ufetubus (D:4)
  4 dart slugs
  A worm (D:2)
  41 orcs
  5 bats
  5 endoplasms
  10 giant cockroaches
  9 goblins
  11 hobgoblins
  5 quokkas
  7 ball pythons
  A frilled lizard (D:1)
  8 kobolds
  5 rats
229 creatures vanquished.

Vanquished Creatures (others)
  2 plants (D:2)
  2 withered plants (D:5)
4 creatures vanquished.

Grand Total: 233 creatures vanquished

Notes
Turn   | Place    | Note
-------+----------+-------------------------------------------
     0 | D:1      | 910rd the Armataur Fighter began the quest for the Orb.
     0 | D:1      | Reached XP level 1. HP: 19/19 MP: 1/1
    39 | D:1      | Reached skill level 2 in Maces & Flails
   126 | D:1      | Found a faded altar of an unknown god.
   150 | D:1      | Reached XP level 2. HP: 26/26 MP: 2/2
   798 | D:2      | Reached skill level 3 in Maces & Flails
  1034 | D:2      | Reached XP level 3. HP: 32/32 MP: 3/3
  1316 | D:2      | Found an ornate altar of the Wu Jian Council.
  1343 | D:2      | Became a worshipper of the Wu Jian Council
  1783 | D:2      | Reached skill level 4 in Maces & Flails
  1783 | D:2      | Reached XP level 4. HP: 39/39 MP: 4/4
  1861 | D:3      | Found a white marble altar of Elyvilon.
  2046 | D:3      | Found an ornate altar of the Wu Jian Council.
  2345 | D:3      | Reached * piety under Wu Jian
  2469 | D:3      | Reached XP level 5. HP: 28/44 MP: 5/5
  2564 | D:3      | Reached skill level 5 in Maces & Flails
  3122 | D:4      | Noticed an ogre
  3351 | D:4      | Reached XP level 6. HP: 46/53 MP: 6/6
  3439 | D:5      | Entered Level 5 of the Dungeon
  3457 | D:5      | Found Vuroxick's Antique Weapon Shoppe.
  3471 | D:5      | Reached skill level 6 in Maces & Flails
  3639 | D:5      | Noticed Pikel
  3668 | D:4      | Killed Pikel
  3669 | D:4      | Reached skill level 8 in Maces & Flails
  3669 | D:4      | Reached XP level 7. HP: 15/60 MP: 7/7
  3911 | D:5      | Noticed Duvessa
  3911 | D:5      | Noticed Dowan
  3933 | D:5      | Killed Duvessa
  3934 | D:5      | Reached XP level 8. HP: 34/71 MP: 8/8
  3953 | D:5      | Reached ** piety under Wu Jian
  3972 | D:5      | Killed Dowan
  3973 | D:5      | Reached skill level 5 in Fighting
  4198 | D:5      | Reached skill level 1 in Evocations
  5179 | D:5      | Bought an ancient morningstar for 225 gold pieces
  5179 | D:5      | Identified the +6 morningstar "Magg" {vamp, rCorr SInv}
                  | (You bought it in a shop on level 5 of the Dungeon)
  5444 | D:6      | Noticed Eustachio
  5453 | D:6      | Killed Eustachio
  5556 | D:6      | Noticed Sigmund
  5566 | D:6      | Killed Sigmund
  5567 | D:6      | Reached skill level 9 in Maces & Flails
  5567 | D:6      | Reached XP level 9. HP: 80/80 MP: 9/9
  5642 | D:6      | Found a bloodstained altar of Trog.
  5719 | D:6      | Found a sacrificial altar of Ru.
  5732 | D:6      | Found a radiant altar of Vehumet.
  5880 | D:6      | Found a blossoming altar of Fedhas.
  5897 | D:6      | Found a burning altar of Makhleb.
  6677 | D:7      | Reached *** piety under Wu Jian
  6684 | D:7      | Paralysed by a hornet for 1 turns
  6812 | D:7      | Reached skill level 5 in Armour
  6899 | D:7      | Reached skill level 10 in Maces & Flails
  7424 | D:8      | Noticed Prince Ribbit
  7443 | D:8      | Killed Prince Ribbit
  7444 | D:8      | Reached skill level 1 in Dodging
  7573 | D:8      | Noticed Gastronok
  7759 | D:8      | Reached XP level 10. HP: 94/94 MP: 10/10
  7766 | D:8      | Found Bodic's Serpentskin Sales.
  7781 | D:8      | Bought 5 poisoned darts for 24 gold pieces
  7781 | D:8      | Bought 5 curare-tipped darts for 36 gold pieces
  7781 | D:8      | Bought 2 poisoned darts for 9 gold pieces
  7875 | D:8      | Reached **** piety under Wu Jian
  8057 | D:8      | Identified a scroll of acquirement
  8057 | D:8      | Acquired the +1 barding of Dithmenos's Whim {rN+ MP+9
                  | Str+3}
  8065 | D:8      | Noticed Erica
  8698 | D:8      | Killed Gastronok
  8699 | D:8      | Reached skill level 10 in Fighting
  8699 | D:8      | Reached skill level 1 in Throwing
  8895 | D:9      | Found a hide-covered altar of Uskayaw.
  8918 | D:9      | Noticed Erolcha
  9076 | Abyss:1  | Cast into level 1 of the Abyss (Erolcha)
  9222 | Abyss:1  | Noticed a tentacled starspawn
  9227 | Abyss:1  | Noticed a smoke demon
  9232 | Abyss:1  | Killed a smoke demon
  9456 | Abyss:1  | Reached XP level 11. HP: 38/105 MP: 11/11
  9457 | Abyss:1  | Noticed an ancient lich
  9471 | Abyss:1  | Noticed a cacodemon
  9727 | Abyss:1  | Reached skill level 11 in Maces & Flails
  9883 | Abyss:1  | Noticed a naga warrior
  9896 | Abyss:1  | Noticed a naga warrior
  9903 | Abyss:1  | Killed a naga warrior
  9950 | Abyss:1  | Killed from afar by an ancient lich

Illustrated notes

Levels and vault maps discovered:
D:1:      onia_arrival_mini_spirals, layout_loops_cross,
          hellmonk_ecumenical_altar_crossroads, minmay_tetromino_s4
D:2:      minmay_skewed_foursquare, layout_loops_corners, basic_altar,
          corexii_corridor_pit, serial_bayou_lagoon_a, minmay_goblin_outpost
D:3:      minmay_roachtagon, layout_basic, nicolae_overflow_crystal_walls,
          elyvilon_altar_5
D:4:      layout_loops_ring, minmay_temple_entry_fiery, minmay_box_of_dots
D:5:      layout_loops_corners, serial_shops, shop_statue, serial_undead,
          serial_undead_a, serial_undead_e, serial_undead_a, serial_undead_f,
          amethyst_killhole, uniq_duvessa, uniq_pikel
D:6:      layout_loops_cross, trog_three_pillars_becter,
          nicolae_overflow_quartered_altars, serial_rivers,
          chequers_serial_rivers_small_3, chequers_serial_rivers_room_b,
          chequers_serial_rivers_micro_e, chequers_serial_rivers_micro_a,
          chequers_serial_rivers_micro_c, chequers_serial_rivers_room_a,
          uniq_eustachio, uniq_sigmund
D:7:      layout_loops_ring, corexii_checkpoint_a, minmay_misc_feat_x,
          st_stairs_12
D:8:      layout_basic, chequers_serial_rivers_small_3, guppyfry_shop_venom,
          uniq_erica, uniq_prince_ribbit1, uniq_gastronok
D:9:      layout_rooms, slow_altar_1, mainiacjoe_overflow_concentric_impassable,
          uniq_erolcha
Abyss:1:  base:
D:9

Skill      XL: |  1  2  3  4  5  6  7  8  9 10 11 |
---------------+----------------------------------+-----
Maces & Flails | 2 3 4 5 8 9 10 11 | 11.5
Fighting       | 3 4 6 8 10 | 10.0
Evocations     | 2 3 |  3.0
Armour         | 4 5 |  5.0
Dodging        | 2 3 |  3.0
Throwing       | 3 |  3.0
Shields        | |  3.4

Action                   |  1- 3 |  4- 6 |  7- 9 | 10-12 || total
-------------------------+-------+-------+-------+-------++-------
Melee: Flail             |   122 |   155 |       |       ||   277
       Tailslap          |    10 |    22 |    44 |    22 ||    98
       Whip              |       |       |    95 |       ||    95
       Morningstar       |       |       |   175 |   197 ||   372
Invok: Whirlwind         |       |     5 |    20 |    66 ||    91
 Abil: Wall Jump         |       |       |     5 |    12 ||    17
Evoke: Wand              |       |     3 |       |     3 ||     6
  Use: Potion            |       |     3 |     1 |     4 ||     8
       Scroll            |       |       |     7 |    16 ||    23
 Stab: Paralysed         |       |       |       |     2 ||     2
Armor: Scale mail        |    67 |    88 |    15 |       ||   170
       Leather armour    |       |       |    54 |    56 ||   110
       Plate armour      |       |       |       |    78 ||    78
Dodge: Dodged            |    36 |    54 |    71 |    73 ||   234
Block: Buckler           |    28 |    27 |    42 |    40 ||   137

Table legend: (Time is in decaauts)
 A = Elapsed time spent in this place.
 B = Non-inter-level travel time spent in this place.
 C = Inter-level travel time spent in this place.
 D = Time resting spent in this place.
 E = Time spent auto-exploring this place.
 F = Levels seen in this place.
 G = Mean time per level.
                   A        B        C        D        E       F      G
               +--------+--------+--------+--------+--------+-----+--------+
         Total |  10050 |   9674 |    376 |   1514 |   6141 |  10 | 1005.0 |
       Dungeon |   9169 |   8793 |    376 |    899 |   6080 |   9 | 1018.8 |
         Abyss |    881 |    881 |      0 |    615 |     61 |   1 |  881.0 |
               +--------+--------+--------+--------+--------+-----+--------+

Top non-repeatable levels by time:
     D:5: 2007 daAuts
     D:8: 1401 daAuts
     D:6: 1162 daAuts
     D:2: 1092 daAuts
     D:7: 1036 daAuts
 Abyss:1: 881 daAuts
     D:3: 831 daAuts
     D:4: 810 daAuts
     D:1: 803 daAuts
     D:9: 23 daAuts
